 Dungeon Crawl Stone Soup version 0.30.0-20-g3615ddf2f0 (webtiles) character file.

Game seed: 7385504679153641158

93 qw the Chopper (level 4, 0/28 HPs)
             Began as a Gargoyle Fighter on May 28, 2023.
             Slain by Sigmund
             ... wielding a +0 scythe
              (6 damage)
             ... on level 2 of the Dungeon.
             The game lasted 00:00:46 (1175 turns).

qw the Chopper (Gargoyle Fighter)                   Turns: 1175, Time: 00:00:46

Health: 0/28       AC: 10    Str: 22    XL:     4   Next: 61%
Magic:  4/4        EV:  9    Int:  8    God:
Gold:   99         SH:  0    Dex:  9    Spells: 3/3 levels left

rFire   . . .        Y - +0 war axe
rCold   . . .        c - +0 buckler
rNeg    + . .        b - +0 scale mail
rPois   inf          (no helmet)
rElec   +            (no cloak)
rCorr   .            (no gloves)
SInv    .            (no boots)
Will    .....        (no amulet) Stlth
                     (no ring)
HPRegen 0.24/turn    (no ring)
MPRegen 0.09/turn

%: no passive effects
@: confused, slowed, very slow
A: sickness immunity, AC +3, negative energy resistance 1, electricity
resistance, torment resistance 1, petrification resistance
a: no special abilities


You were on level 2 of the Dungeon.
You visited 1 branch of the dungeon, and saw 2 of its levels.

You collected 99 gold pieces.


Innate Abilities, Weirdness & Mutations

You are immune to sickness and miasma.
Your stone body is resilient. (AC +3)
You are immune to poison.
You resist negative energy. (rN+)
You are resistant to electric shocks. (rElec)
You are resistant to unholy torment.
You are immune to petrification.


   Skills:
 - Level 3.2 Fighting
 + Level 4.2 Axes
 - Level 3.2 Armour
 - Level 3.2 Shields


You had 3 spell levels left.
You didn't know any spells.
Your spell library was empty.

Inventory:

Hand Weapons
 j - a +0 flail
 Y - a +0 war axe (weapon)
Armour
 b - a +0 scale mail (worn)
 c - a +0 buckler (worn)
 i - a +0 cloak
Scrolls
 a - 3 scrolls of teleportation
 e - a scroll of amnesia {unknown}
 f - 2 scrolls of immolation {unknown}
 l - a scroll of brand weapon {unknown}
Potions
 d - a potion of might
 g - a potion of berserk rage {unknown}
 h - a potion of degeneration {unknown}
 k - a potion of ambrosia {unknown}

Dungeon Overview and Level Annotations

Branches:
Dungeon (2/15)

Altars:

Annotations:
D:2 Natasha, Sigmund


Message History

Natasha, Servant of Life and Death comes into view.
She is carrying a wand of flame (6).
Sigmund gestures at you while chanting.
You are more confused.
Natasha casts a spell at you. The magic dart hits you!
Natasha drinks a potion.
Natasha's spells are empowered!
Sigmund casts a spell at you. You resist with some effort.
Natasha zaps a wand.
The puff of flame hits you. Natasha casts a spell at you.
The magic dart hits you but does no damage.
Sigmund closely misses you.
Natasha mumbles some strange words.
Natasha zaps a wand.
The puff of flame hits you.
You feel less confused. Sigmund hits you but does no damage.
The cerulean imp closely misses you. Sigmund gestures at you while chanting.
You are confused.
Enter note:
Enter note:
Enter note:
Enter note: The cerulean imp hits you but does no damage.
Natasha stares at you and mumbles some strange words.
The magic dart hits you. Sigmund completely misses you.
The cerulean imp misses you. Natasha claws you but does no damage.
Sigmund hits you with a +0 scythe.
The cerulean imp hits you but does no damage.
Natasha claws you but does no damage.
The cerulean imp hits you but does no damage.
Natasha stares at you and mumbles some strange words.
You feel yourself slow down. Sigmund closely misses you.
The cerulean imp barely misses you. Natasha claws you.
Sigmund points at you and mumbles some strange words.
You are more confused.
The cerulean imp hits you but does no damage.
Natasha barely misses you. Sigmund hits you with a +0 scythe.
You die...

#..~~~...#
#.....#.7
#..~~7..P#
#.....#..
#...P..7##
#..)..#..
##....7#
#.....#..
#..7P#
#........
#.7###
#####...~
##%####
#.7~~
#....####
#P~.~
#@.5.....
#.~~~
#@h......
#P~~.
#........
#.P~~
#........
#..P.
#........
##...
#...<....
##..
#......[.
#..
###......
#.. #..


You could see Sigmund, Natasha (empowered) and a cerulean imp (summoned).

Vanquished Creatures
  Jessica (D:2)
  2 adders (D:2)
  An orc (D:2)
  4 bats (D:2)
  5 endoplasms
  6 goblins
  7 hobgoblins
  4 jackals (D:1)
  A quokka (D:2)
  2 ball pythons (D:2)
  2 frilled lizards (D:2)
  4 kobolds
  4 rats (D:1)
43 creatures vanquished.

Notes
Turn   | Place    | Note
-------+----------+-------------------------------------------
     0 | D:1      | qw the Gargoyle Fighter began the quest for the Orb.
     0 | D:1      | Reached XP level 1. HP: 14/14 MP: 1/1
     0 | D:1      | 0 ||| qw: Version: 0.2-a-100-g7972860
     0 | D:1      | 0 ||| qw: Game counter: 251
     0 | D:1      | 0 ||| qw: Always use a shield: true
     0 | D:1      | 0 ||| qw: God list: Okawaru
     0 | D:1      | 0 ||| qw: Allow faded altars: false
     0 | D:1      | 0 ||| qw: Do Orc after D:15 true
     0 | D:1      | 0 ||| qw: Do second Lair branch before Depths: true
     0 | D:1      | 0 ||| qw: Lair rune preference: random
     0 | D:1      | 0 ||| qw: Plans: Normal, Zot:1-4, Slime:5, God:TSO, Crypt,
                  | Tomb, Pan, Hells, Abyss, Win
     0 | D:1      | 0 ||| PLANNING D:1-11
    91 | D:1      | Reached skill level 2 in Axes
   126 | D:1      | Reached XP level 2. HP: 19/19 MP: 2/2
   263 | D:1      | 263 ||| FLEEEEING.
   264 | D:1      | 264 ||| FLEEEEING.
   265 | D:1      | 265 ||| FLEEEEING.
   266 | D:1      | 266 ||| FLEEEEING.
   267 | D:1      | 267 ||| FLEEEEING.
   269 | D:1      | 269 ||| FLEEEEING.
   270 | D:1      | 270 ||| FLEEEEING.
   272 | D:1      | 272 ||| FLEEEEING.
   273 | D:1      | 273 ||| FLEEEEING.
   392 | D:1      | Reached skill level 3 in Axes
   526 | D:1      | Reached XP level 3. HP: 22/23 MP: 3/3
   671 | D:1      | 671 ||| Stepping ~*~*~tactically~*~*~ (stealth).
   674 | D:1      | 674 ||| Stepping ~*~*~tactically~*~*~ (stealth).
   675 | D:1      | 675 ||| Stepping ~*~*~tactically~*~*~ (stealth).
   764 | D:1      | 764 ||| READING 3 scrolls labelled CERIGOASHUA.
   769 | D:1      | 769 ||| READING scroll labelled SEZXIT JOSKU.
  1000 | D:2      | 1000 ||| Stepping ~*~*~tactically~*~*~ (stealth).
  1003 | D:2      | 1003 ||| Stepping ~*~*~tactically~*~*~ (stealth).
  1038 | D:2      | Reached XP level 4. HP: 28/28 MP: 4/4
  1062 | D:2      | 1062 ||| DROPPING +0 mace.
  1072 | D:2      | Noticed Jessica
  1076 | D:2      | Killed Jessica
  1077 | D:2      | Reached skill level 4 in Axes
  1157 | D:2      | Noticed Sigmund
  1159 | D:2      | Noticed Natasha
  1170 | D:2      | HP: 6/28 [Natasha/magic dart (5)]
  1175 | D:2      | Slain by Sigmund

Levels and vault maps discovered:
D:1:      lemuel_arrival_cross, layout_loops_ring
D:2:      layout_basic, serial_bayou, serial_bayou_crossing,
          serial_bayou_pond_a, serial_bayou_ford_a, serial_bayou_pond_b,
          serial_bayou_pond_a, serial_bayou_shore_b, chequers_mini_garden,
          minmay_increasing_density, uniq_natasha, uniq_jessica, uniq_sigmund

Skill      XL: |  1  2  3  4 |
---------------+-------------+-----
Axes           | 2 3 4 |  4.2
Fighting       | |  3.2
Armour         | |  3.2
Shields        | |  3.2

Action                     |  1- 3 |  4- 6 || total
---------------------------+-------+-------++-------
  Melee: War axe           |    89 |    18 ||   107
  Throw: Boomerang         |    21 |       ||    21
    Use: Scroll            |     2 |       ||     2
 Armour: Scale mail        |    41 |    15 ||    56
  Dodge: Dodged            |    32 |    20 ||    52
  Block: Buckler           |    17 |     3 ||    20

Table legend:
 A = Non-vault XP
 B = Vault XP
 C = Vault XP percentage of total XP
 D = Non-vault monster count
 E = Vault monster count
 F = Vault count percentage of total count
                 A         B        C        D         E       F
            +---------+---------+-------+---------+---------+-------
      Total |      52 |      81 |  60.9 |      31 |      12 |  27.9
            +---------+---------+-------+---------+---------+-------
        D:1 |      40 |       0 |   0.0 |      23 |       0 |   0.0
        D:2 |      12 |      81 |  87.1 |       8 |      12 |  60.0
            +---------+---------+-------+---------+---------+-------
